[Event "Titled Tuesday Blitz July 18 Late 2023"]
[White "Estrada Nieto, Julian"]
[Black "Karttunen, Mika"]
[WhiteFideId "5101018"]
[BlackFideId "502081"]
[WhiteElo "2529"]
[BlackElo "2656"]
[Result "1-0"]
[Round "6"]
[TimeControl "180+2"]
[Date "2023.07.18"]
[WhiteClock "0:00:27"]
[BlackClock "0:00:08"]
[Board "48"]

1. e4 e6 2. d4 d5 3. Nd2 Nc6 4. Ngf3 Nf6 5. e5 Nd7 6. Be2 Na5 7. O-O c5 8. c3 Nc6 9. Re1 a5 10. Nf1 a4 11. a3 Qa5 12. Ng3 b6 13. Bd2 c4 14. Ng5 h6 15. Nh3 g6 16. Nf4 Ne7 17. h4 Bb7 18. h5 g5 19. Nh3 O-O-O 20. f4 gxf4 21. Bxf4 Kb8 22. Rf1 Bc6 23. Be3 Rh7 24. Qc2 Rg7 25. Rf3 Ng8 26. Raf1 Re8 27. Nh1 Re7 28. Bf2 f5 29. exf6 Ndxf6 30. Bh4 Ref7 31. Bxf6 Nxf6 32. Rxf6 Rxf6 33. Rxf6 Be7 34. Rxe6 Bd7 35. Rxh6 b5 36. Rg6 Rf7 37. Rg8+ Kb7 38. Qg6 Rf6 39. Qg3 Qa7 40. Rg7 Re6 41. Nf4 Qb8 42. Nxe6 Qxg3 43. Nxg3 1-0


[Site "https://www.chess.com"]

[Event "Titled Tuesday Blitz July 18 Late 2023"]
[White "Martinez Reyes, Pedro Ramon"]
[Black "Begmuratov, Alisher"]
[WhiteFideId "3901807"]
[BlackFideId "14203367"]
[WhiteElo "2524"]
[BlackElo "2655"]
[Result "1-0"]
[Round "6"]
[TimeControl "180+2"]
[Date "2023.07.18"]
[WhiteClock "0:00:31"]
[BlackClock "0:00:09"]
[Board "49"]

1. c4 e5 2. Nf3 Nc6 3. Nc3 Nf6 4. d3 g6 5. g3 Bg7 6. Bg2 O-O 7. O-O d6 8. Bg5 h6 9. Bxf6 Bxf6 10. Nd5 Bg7 11. Rb1 a5 12. a3 Nd4 13. Nd2 c6 14. Nc3 Kh7 15. e3 Ne6 16. b4 axb4 17. axb4 Bd7 18. b5 Nc5 19. Qc2 Ra3 20. Nde4 Nxe4 21. Nxe4 Qc7 22. bxc6 bxc6 23. Rb3 Ra7 24. Rfb1 Rfa8 25. c5 d5 26. Nd6 Bf8 27. Nxf7 Bc8 28. Nd6 Bxd6 29. cxd6 Qxd6 30. Rb6 Ra1 31. Bf1 Rxb1 32. Qxb1 Qc7 33. h4 h5 34. Qb2 c5 35. Bh3 Kh6 36. Bg2 Ra6 37. Rb5 d4 38. Bd5 dxe3 39. Qc1 Kg7 40. Qxe3 Ra5 41. Rxa5 Qxa5 42. Qxe5+ Kf8 43. Be4 Qa6 44. Qxc5+ Kg7 45. Kg2 Bg4 46. Qg5 Qf6 47. Qxf6+ Kxf6 48. f3 Be6 49. Kf2 Ke5 50. Ke3 Bf7 51. d4+ Kf6 52. Kf4 Be8 53. g4 Bd7 54. g5+ Kf7 55. Ke5 Be8 56. f4 Ke7 57. d5 Bf7 58. d6+ Kd7 59. Bd5 Be8 60. Be6+ Kd8 61. Kf6 Bd7 62. Bxd7 Kxd7 63. Kxg6 Kxd6 64. f5 Ke7 65. Kg7 Kd6 66. f6 Ke5 67. f7 Kf4 68. f8=Q+ Kg4 69. Kh6 Kxh4 70. g6 Kh3 71. g7 h4 72. g8=Q Kh2 73. Qf2+ 1-0


[Site "https://www.chess.com"]

[Event "Titled Tuesday Blitz July 18 Late 2023"]
[White "Olsen, Filip Boe"]
[Black "Graif, William"]
[WhiteFideId "1440640"]
[BlackFideId "2609835"]
[WhiteElo "2645"]
[BlackElo "2524"]
[Result "1-0"]
[Round "6"]
[TimeControl "180+2"]
[Date "2023.07.18"]
[WhiteClock "0:00:19"]
[BlackClock "0:00:03"]
[Board "50"]

1. d4 Nf6 2. g3 d5 3. Bg2 c6 4. Nd2 Bf5 5. Nh3 Nbd7 6. O-O Qb6 7. c3 h5 8. Nf3 Ne4 9. Nfg5 h4 10. Nxe4 dxe4 11. Ng5 Nf6 12. Qc2 hxg3 13. fxg3 g6 14. Nxe4 O-O-O 15. Rxf5 gxf5 16. Nxf6 exf6 17. Qxf5+ Kb8 18. Qxf6 Bd6 19. e4 c5 20. e5 cxd4 21. exd6 dxc3+ 22. Qf2 Qxf2+ 23. Kxf2 cxb2 24. Bxb2 Rxh2 25. Be5 Rh5 26. Bf4 Rf5 27. Re1 Rxd6 28. Kg1 Rxf4 29. gxf4 Rd2 30. a4 Rd4 31. Re4 Rd1+ 32. Kf2 Rd7 33. Rb4 b6 34. Kg3 Kc7 35. a5 bxa5 36. Rb7+ Kd6 37. Rxd7+ Kxd7 38. Kg4 Kd6 39. Kf5 a4 40. Be4 a3 41. Bb1 Ke7 42. Ba2 a6 43. Ke5 a5 44. Kf5 a4 45. Ke5 Ke8 46. Kf6 Kf8 47. Bxf7 a2 48. Bxa2 Ke8 49. Kg7 Ke7 50. f5 Ke8 51. f6 a3 52. f7+ Kd7 53. f8=Q 1-0


[Site "https://www.chess.com"]

[Event "Titled Tuesday Blitz July 18 Late 2023"]
[White "Mendez Fortes, Eduardo Jesus"]
[Black "Kanyamarala, Tarun"]
[WhiteFideId "3502376"]
[BlackFideId "45004714"]
[WhiteElo "2639"]
[BlackElo "2521"]
[Result "1/2-1/2"]
[Round "6"]
[TimeControl "180+2"]
[Date "2023.07.18"]
[WhiteClock "0:00:04"]
[BlackClock "0:00:07"]
[Board "51"]

1. e4 c5 2. Nf3 a6 3. c4 e6 4. d4 cxd4 5. Nxd4 Nf6 6. Nc3 d6 7. Be2 Be7 8. Be3 O-O 9. O-O Qc7 10. Qd2 Nbd7 11. Rfc1 b6 12. a4 Bb7 13. f3 Rfc8 14. a5 bxa5 15. Nb3 Rab8 16. Nxa5 Ba8 17. Bf1 h5 18. Kh1 h4 19. h3 Nh5 20. Kg1 Ng3 21. b4 d5 22. cxd5 Bxb4 23. Nc6 Bxc6 24. dxc6 Qxc6 25. Rxa6 Qb7 26. Ra7 Bxc3 27. Rxc3 Qb1 28. Rc1 Qxc1 29. Qxc1 Rxc1 30. Bxc1 Rb1 31. Rc7 Ne5 32. f4 Ng6 33. Bd3 Rb3 34. Bc2 Ne2+ 35. Kf2 Nxc1 36. Bxb3 Nxb3 37. Kf3 Nd4+ 38. Ke3 e5 39. fxe5 Ne6 40. Rc8+ Kh7 41. Ra8 Nxe5 42. Kf2 Kg6 43. Ra5 Nd3+ 44. Kf3 Ndf4 45. Rf5 Nh5 46. Kg4 Nf6+ 47. Kxh4 Nxe4 48. Ra5 f5 49. g4 f4 50. Re5 N4g5 51. Re3 Kf6 52. Ra3 Nf8 53. Ra6+ Nge6 54. g5+ Kf5 55. Ra5+ Ke4 56. Kg4 Ng6 57. Ra4+ Nd4 58. h4 Ne5+ 59. Kh3 f3 60. h5 Nf7 61. Kg4 f2 62. Ra1 Ne5+ 63. Kg3 Nd3 64. h6 gxh6 65. gxh6 Nf5+ 66. Kg2 Nxh6 67. Rf1 Ng4 68. Rxf2 Ngxf2 1/2-1/2


[Site "https://www.chess.com"]

[Event "Titled Tuesday Blitz July 18 Late 2023"]
[White "Philippe, Guillaume"]
[Black "Lewtak, Damian"]
[WhiteFideId "36048763"]
[BlackFideId "1141724"]
[WhiteElo "2520"]
[BlackElo "2621"]
[Result "1-0"]
[Round "6"]
[TimeControl "180+2"]
[Date "2023.07.18"]
[WhiteClock "0:00:29"]
[BlackClock "0:00:33"]
[Board "52"]

1. e4 g6 2. d4 Bg7 3. Nc3 d6 4. Be3 a6 5. Qd2 b5 6. f3 Bb7 7. O-O-O Nd7 8. h4 h5 9. Nh3 Nb6 10. Ng5 Nf6 11. Bd3 e5 12. dxe5 dxe5 13. Bxb6 cxb6 14. Nxb5 O-O 15. Nc3 b5 16. Kb1 Bc6 17. Qf2 Qe7 18. Nd5 Nxd5 19. exd5 Bxd5 20. Bxg6 Rad8 21. Bh7+ Kh8 22. Be4 Bc4 23. g4 Rxd1+ 24. Rxd1 Rd8 25. Rxd8+ Qxd8 26. b3 f6 27. bxc4 fxg5 28. cxb5 gxh4 29. bxa6 h3 30. Kb2 Bf8 31. a7 Qa5 32. a8=Q Qb4+ 33. Ka1 h2 34. Qxf8+ Qxf8 35. Qxh2 1-0


[Site "https://www.chess.com"]

[Event "Titled Tuesday Blitz July 18 Late 2023"]
[White "Barski, Radoslaw"]
[Black "Rostomyan, Mikayel"]
[WhiteFideId "1131710"]
[BlackFideId "13313754"]
[WhiteElo "2519"]
[BlackElo "2618"]
[Result "0-1"]
[Round "6"]
[TimeControl "180+2"]
[Date "2023.07.18"]
[WhiteClock "0:00:00"]
[BlackClock "0:00:10"]
[Board "53"]

1. d4 Nf6 2. c4 c5 3. d5 b5 4. cxb5 a6 5. bxa6 e6 6. Nc3 exd5 7. Nxd5 Nxa6 8. Bg5 Be7 9. Nxe7 Qxe7 10. Nf3 Rb8 11. b3 h6 12. Bh4 Rb6 13. e3 Bb7 14. Be2 g5 15. Bg3 h5 16. Nxg5 h4 17. Bf4 Nd5 18. O-O Rg8 19. Nf3 Nc3 20. Qc2 Nxe2+ 21. Qxe2 Qe4 22. Bg3 hxg3 23. fxg3 Re6 24. Rae1 Nb4 25. Nd2 Qd3 26. Qf2 f6 27. Nc4 d5 28. Qf4 Kd7 29. Rd1 Qe4 30. Qh6 d4 31. Rf2 Nd3 32. Rfd2 Rg6 33. Qh5 Rg5 34. Qh8 Kc7 35. Qf8 dxe3 36. Re2 Rd5 37. Qf7+ Re7 38. Qxf6 Nf4 39. Qb6+ Kc8 0-1


[Site "https://www.chess.com"]

[Event "Titled Tuesday Blitz July 18 Late 2023"]
[White "Gaitan, Juan Manuel"]
[Black "Balague Camps, Marc"]
[WhiteFideId "121657"]
[BlackFideId "2297914"]
[WhiteElo "2616"]
[BlackElo "2517"]
[Result "1/2-1/2"]
[Round "6"]
[TimeControl "180+2"]
[Date "2023.07.18"]
[WhiteClock "0:00:11"]
[BlackClock "0:00:11"]
[Board "54"]

1. d4 Nf6 2. c4 e6 3. Nf3 d5 4. g3 Be7 5. Bg2 O-O 6. O-O c6 7. Qc2 b6 8. Bg5 Ba6 9. Nbd2 b5 10. b3 bxc4 11. bxc4 Nbd7 12. Rfe1 h6 13. Bxf6 Nxf6 14. e4 dxe4 15. Nxe4 Nxe4 16. Rxe4 Qa5 17. Ne5 Rac8 18. Re3 c5 19. d5 exd5 20. Bxd5 Bf6 21. Rae1 Bxe5 22. Rxe5 Rc7 23. Re8 Bb7 24. Rxf8+ Kxf8 25. Qe4 Kg8 26. Bxb7 Rxb7 27. Rd1 Rb8 28. Qe5 Qb6 29. Rd7 Rf8 30. h4 Qb1+ 31. Kg2 Qxa2 32. Qxc5 a6 33. Ra7 Qe2 34. Rxa6 Qe4+ 35. Kh2 Re8 36. Rc6 Kh7 37. Rc7 Qf3 38. Re7 Rxe7 39. Qxe7 Qxf2+ 40. Kh3 Qf1+ 41. Kh2 Qxc4 42. Kh3 Qf1+ 43. Kh2 Qf2+ 44. Kh3 f5 45. Qe6 Qf1+ 46. Kh2 Qf3 47. Qf7 Qf2+ 48. Kh3 Qf1+ 49. Kh2 Qe2+ 50. Kh3 Qg4+ 51. Kh2 Qe4 52. Qf8 Kg6 53. Qg8 Qe2+ 54. Kh3 Qg4+ 55. Kh2 f4 56. Qe8+ Kh7 57. Qe4+ Qg6 58. Qxf4 Qd3 59. Kh3 Qd7+ 60. Kh2 Qd3 61. Qf2 Qe4 62. Qg2 Qxg2+ 63. Kxg2 Kg6 64. Kh2 h5 65. Kg2 Kf6 66. Kf2 Kf5 67. Kf3 g6 68. Kf2 Ke4 69. Ke2 Kd4 70. Kd2 Ke4 71. Ke2 Kd4 72. Kf3 Ke5 73. Ke3 Kf5 74. Kf3 g5 75. hxg5 Kxg5 76. Kg2 h4 77. gxh4+ Kxh4 1/2-1/2


[Site "https://www.chess.com"]

[Event "Titled Tuesday Blitz July 18 Late 2023"]
[White "Urbina Perez, Juan Antonio"]
[Black "Arabidze, Meri"]
[WhiteFideId "2217368"]
[BlackFideId "13604040"]
[WhiteElo "2515"]
[BlackElo "2615"]
[Result "0-1"]
[Round "6"]
[TimeControl "180+2"]
[Date "2023.07.18"]
[WhiteClock "0:00:00"]
[BlackClock "0:00:05"]
[Board "55"]

1. e4 c5 2. Nf3 e6 3. c3 Nf6 4. e5 Nd5 5. g3 Nc6 6. Bg2 d6 7. exd6 Bxd6 8. O-O O-O 9. d4 Qc7 10. Na3 a6 11. Nc4 Be7 12. Nce5 cxd4 13. Nxc6 bxc6 14. Nxd4 Bb7 15. Re1 c5 16. Nb3 Rfd8 17. Qe2 a5 18. Be3 a4 19. Nd2 Nxe3 20. Qxe3 Bxg2 21. Kxg2 Qb7+ 22. Qf3 Qxb2 23. Nc4 Qb5 24. Ne5 Bf6 25. Rab1 Qe8 26. Ng4 Be7 27. Rb7 Rab8 28. Reb1 Rxb7 29. Rxb7 f5 30. Ne5 Bf6 31. Nc4 h6 32. h4 Kh7 33. Rb6 Rd5 34. Qe2 e5 35. Ne3 Rd7 36. Nxf5 Qa8+ 37. Kh2 Qd5 38. Qg4 Qxa2 39. Kg2 Qd5+ 40. Kh2 Qd2 41. Qf3 e4 42. Qxe4 Qxf2+ 43. Kh3 Qf1+ 44. Kg4 h5+ 0-1


[Site "https://www.chess.com"]

[Event "Titled Tuesday Blitz July 18 Late 2023"]
[White "Hnydiuk, Aleksander"]
[Black "Karaoglan, Doruk"]
[WhiteFideId "1109057"]
[BlackFideId "6390927"]
[WhiteElo "2514"]
[BlackElo "2614"]
[Result "0-1"]
[Round "6"]
[TimeControl "180+2"]
[Date "2023.07.18"]
[WhiteClock "0:00:47"]
[BlackClock "0:00:17"]
[Board "56"]

1. e4 c5 2. Nf3 d6 3. d4 cxd4 4. Nxd4 Nf6 5. Nc3 g6 6. Be3 Bg7 7. Qd2 Ng4 8. Bg5 h6 9. Bh4 O-O 10. h3 Nf6 11. O-O-O Bd7 12. f4 Nc6 13. e5 dxe5 14. Nxc6 Bxc6 15. fxe5 Nd7 16. e6 fxe6 17. Bc4 Ne5 18. Bxe6+ Kh7 19. Qxd8 Rfxd8 20. Rxd8 Rxd8 21. Rd1 Rxd1+ 22. Kxd1 g5 23. Bf2 Bxg2 24. Bxa7 h5 25. Bd4 Bf3+ 26. Kd2 g4 27. hxg4 hxg4 28. Ke3 Bh6+ 29. Kf2 Bf4 30. Nd5 Bh2 31. Nxe7 g3+ 32. Ke1 g2 33. Bd5 Bxd5 34. Nxd5 Nf3+ 0-1


[Site "https://www.chess.com"]

[Event "Titled Tuesday Blitz July 18 Late 2023"]
[White "Chen, Justin"]
[Black "vishwa_vijeta"]
[WhiteFideId "2098199"]
[WhiteElo "2608"]
[BlackElo "2514"]
[Result "1-0"]
[Round "6"]
[TimeControl "180+2"]
[Date "2023.07.18"]
[WhiteClock "0:01:18"]
[BlackClock "0:00:48"]
[Board "57"]

1. e4 c5 2. c3 d5 3. exd5 Qxd5 4. d4 Nc6 5. Nf3 Bf5 6. Be3 Nf6 7. Be2 cxd4 8. cxd4 Bxb1 9. Qxb1 e6 10. O-O Bd6 11. Qc2 O-O 12. Bc4 Qh5 13. h3 Nd5 14. a3 Rac8 15. Qe4 Nce7 16. Rac1 Nf6 17. Qd3 Nfd5 18. Qe4 Nf6 19. Qxb7 Rc7 20. Qb3 Nf5 21. Be2 Nxe3 22. fxe3 Qg6 23. Rxc7 Bxc7 24. Rc1 Qg3 25. Qb7 Nd5 26. Bf1 Rb8 27. Qxb8+ Bxb8 28. Rc8# 1-0


[Site "https://www.chess.com"]

[Event "Titled Tuesday Blitz July 18 Late 2023"]
[White "HamedWafa4"]
[Black "Chor, Kevin"]
[BlackFideId "2090740"]
[WhiteElo "2605"]
[BlackElo "2511"]
[Result "1-0"]
[Round "6"]
[TimeControl "180+2"]
[Date "2023.07.18"]
[WhiteClock "0:01:20"]
[BlackClock "0:00:04"]
[Board "58"]

1. e4 c5 2. Nf3 Nc6 3. Nc3 g6 4. d4 cxd4 5. Nxd4 Bg7 6. Be3 Nf6 7. Bc4 O-O 8. Bb3 d6 9. f3 Bd7 10. Qd2 Rc8 11. O-O-O Nxd4 12. Bxd4 b5 13. Bxa7 b4 14. Nd5 Nxd5 15. Qxd5 Qc7 16. Be3 Be6 17. Qd3 Qa5 18. Kb1 Bd7 19. Bd4 Bb5 20. Qd2 e5 21. Be3 Rfd8 22. h4 Bc4 23. h5 Bxb3 24. cxb3 Ra8 25. a4 bxa3 26. Qxa5 Rxa5 27. bxa3 Rxa3 28. Kb2 Rda8 29. Ra1 Rxa1 30. Rxa1 Rd8 31. hxg6 hxg6 32. Rd1 f5 33. b4 Kf7 34. b5 Ke6 35. b6 Bf6 36. Kb3 Rb8 37. Kb4 Kd7 38. Kb5 Bd8 39. Ra1 Ke6 40. Ra7 Bxb6 41. Bxb6 d5 42. exd5+ Kxd5 43. Rd7+ Ke6 44. Rc7 Kf6 45. Rc4 Kg5 46. Kc6 Rc8+ 47. Bc7 Re8 48. Kd5 Kf6 49. Rc6+ Kg5 50. Bxe5 Rd8+ 51. Rd6 Ra8 52. Bf6+ Kf4 53. Be5+ Kg5 54. Rc6 Ra2 55. g3 Ra3 56. Bf4+ Kh5 57. Rc8 Rxf3 58. Rh8+ Kg4 59. Rh4# 1-0


[Site "https://www.chess.com"]

[Event "Titled Tuesday Blitz July 18 Late 2023"]
[White "David, Bogdan-Emanuel"]
[Black "NigelDwarf"]
[WhiteFideId "1229907"]
[WhiteElo "2603"]
[BlackElo "2511"]
[Result "1-0"]
[Round "6"]
[TimeControl "180+2"]
[Date "2023.07.18"]
[WhiteClock "0:00:07"]
[BlackClock "0:00:08"]
[Board "59"]

1. e4 c5 2. Nc3 a6 3. g3 b5 4. Bg2 Bb7 5. d3 b4 6. Nce2 e6 7. Nh3 Nf6 8. O-O d5 9. e5 Ng4 10. f4 Nc6 11. Nf2 h5 12. c3 Nxf2 13. Rxf2 h4 14. c4 hxg3 15. hxg3 dxc4 16. Qa4 Qd7 17. dxc4 O-O-O 18. Be3 Kb8 19. Re1 Nxe5 20. Qxd7 Nxd7 21. Nc1 Nf6 22. Nb3 Ng4 23. Rfe2 Nxe3 24. Rxe3 Be7 25. Re5 Bf6 26. Rxc5 Bxb2 27. Bxb7 Kxb7 28. Rb1 Bc3 29. a3 Rd3 30. Kg2 Re3 31. Na5+ Kb6 32. axb4 Bxb4 33. Rg5 e5 34. Rxb4+ Kxa5 35. Rb7 Re2+ 36. Kf3 Rhh2 37. Rxe5+ Rxe5 38. fxe5 Rc2 39. Rxf7 Rxc4 40. Rxg7 Rc6 41. Kf4 Kb5 42. Kf5 Kc5 43. e6 Kd6 44. Rd7+ Kc5 45. e7 1-0


[Site "https://www.chess.com"]

[Event "Titled Tuesday Blitz July 18 Late 2023"]
[White "Piesik, Piotr"]
[Black "Erzhanov, Arman"]
[WhiteFideId "1136194"]
[BlackFideId "4138821"]
[WhiteElo "2597"]
[BlackElo "2501"]
[Result "1-0"]
[Round "6"]
[TimeControl "180+2"]
[Date "2023.07.18"]
[WhiteClock "0:00:11"]
[BlackClock "0:00:09"]
[Board "60"]

1. Nf3 d6 2. d4 g6 3. g3 Bg7 4. Bg2 Nd7 5. O-O e5 6. dxe5 dxe5 7. e4 Ne7 8. b3 O-O 9. Qe2 b6 10. Rd1 Qe8 11. a4 a5 12. Ba3 c5 13. Nc3 Ba6 14. Qe1 Nc6 15. Nd5 Ra7 16. c3 Ne7 17. Bf1 Bxf1 18. Kxf1 Nxd5 19. Rxd5 f5 20. Rad1 f4 21. Qe2 fxg3 22. hxg3 Qe6 23. Kg2 Qg4 24. Re1 Nf6 25. Rd6 Nh5 26. Bc1 Raf7 27. Rd3 Nf4+ 28. Bxf4 exf4 29. e5 fxg3 30. fxg3 Rf5 31. Qe4 Rf4 32. Qd5+ Kh8 33. e6 R4f5 34. Qe4 Rf4 35. Qxf4 Rxf4 36. e7 Rf8 37. e8=Q Rxe8 38. Rxe8+ Bf8 39. Rxf8+ Kg7 40. Rf4 Qe6 41. Kf2 Qxb3 42. Rd7+ Kg8 43. Ng5 Qc2+ 44. Kg1 Qc1+ 45. Kg2 Qc2+ 46. Rf2 Qxc3 47. Rff7 Qc2+ 48. Kh3 Qc3 49. Rd8# 1-0


[Site "https://www.chess.com"]

[Event "Titled Tuesday Blitz July 18 Late 2023"]
[White "Voege, Tobias"]
[Black "Van Foreest, Machteld"]
[WhiteFideId "1270513"]
[BlackFideId "1051563"]
[WhiteElo "2597"]
[BlackElo "2499"]
[Result "0-1"]
[Round "6"]
[TimeControl "180+2"]
[Date "2023.07.18"]
[WhiteClock "0:00:08"]
[BlackClock "0:00:07"]
[Board "61"]

1. c4 e6 2. d4 d5 3. Nc3 Nf6 4. Nf3 Be7 5. Bg5 O-O 6. e3 h6 7. Bh4 Ne4 8. Bxe7 Qxe7 9. cxd5 Qb4 10. Qb3 Qxb3 11. axb3 Nxc3 12. bxc3 exd5 13. Be2 Bf5 14. Kd2 Nd7 15. Ra5 c6 16. Rha1 a6 17. c4 Nf6 18. Ne5 Ne4+ 19. Ke1 Rfd8 20. f3 Nc3 21. Bd3 Bxd3 22. Nxd3 dxc4 23. bxc4 b5 24. cxb5 cxb5 25. Rxa6 Rac8 26. Kd2 f5 27. Rb6 Rd5 28. Ra7 Nb1+ 29. Ke2 Rc2+ 30. Kd1 Rxg2 31. Nf4 Nc3+ 32. Kc1 Na2+ 33. Kb1 Nc3+ 34. Ka1 Rxh2 35. Rg6 Rd7 36. Ra8+ Kh7 37. Rga6 Rb7 38. R6a7 Rxa7+ 39. Rxa7 b4 40. Nd3 b3 41. d5 Rd2 42. Nb2 Rxd5 43. Nc4 Rc5 44. Kb2 Rxc4 45. Kxb3 Rc6 46. Ra5 Nd1 47. Rxf5 Nxe3 48. Rf8 Nd5 49. Kb2 Rf6 50. Rd8 Nf4 51. Rd2 Ng6 52. Rd3 Ne5 53. Rd5 Nxf3 54. Kc2 Ng5 55. Kd2 Kg6 56. Ke3 h5 57. Rd8 h4 58. Rh8 h3 59. Rh4 Kf7 60. Ke2 Rh6 61. Rf4+ Kg8 62. Rf1 h2 63. Rh1 Kf7 64. Kf2 Kg6 65. Kg2 Kf5 66. Rf1+ Kg4 67. Kh1 Ne4 68. Rf3 Rc6 69. Re3 Kf4 70. Ra3 g5 71. Kxh2 g4 72. Kg2 Rc2+ 73. Kg1 g3 74. Ra1 Kf3 75. Ra3+ Kg4 76. Ra1 Ng5 77. Kh1 Rh2+ 78. Kg1 Nf3+ 79. Kf1 Rh1+ 80. Ke2 Rxa1 0-1


[Site "https://www.chess.com"]

[Event "Titled Tuesday Blitz July 18 Late 2023"]
[White "Bochnicka, Vladimir"]
[Black "Vaibhav Jayant Raut"]
[WhiteFideId "14943450"]
[BlackFideId "5089034"]
[WhiteElo "2484"]
[BlackElo "2597"]
[Result "0-1"]
[Round "6"]
[TimeControl "180+2"]
[Date "2023.07.18"]
[WhiteClock "0:00:00"]
[BlackClock "0:00:15"]
[Board "62"]

1. e4 c5 2. Nf3 d6 3. d4 cxd4 4. Nxd4 Nf6 5. Nc3 Nc6 6. f3 g6 7. Be3 Bg7 8. Qd2 Bd7 9. O-O-O Rc8 10. h4 h5 11. Kb1 a6 12. f4 Ng4 13. Nxc6 Bxc6 14. Bd4 e5 15. Bg1 O-O 16. f5 gxf5 17. exf5 Qf6 18. Qxd6 Qxf5 19. Bb6 e4 20. Nd5 Bxd5 21. Rxd5 Qf6 22. Qxf6 Nxf6 23. Rg5 Rc6 24. Be3 Rd8 25. Be2 Nd5 26. Bd4 f6 27. Rxh5 Nf4 28. Be3 Nxe2 29. Re1 Ng3 30. Ra5 Rcd6 31. c3 Rd1+ 32. Rxd1 Rxd1+ 33. Kc2 Rd3 34. Bd4 Ne2 35. Bb6 Rg3 36. Rd5 Rxg2 37. Rd8+ Kh7 38. Rd7 Nf4+ 39. Kb3 Nd3 40. Rxb7 Rxb2+ 41. Kc4 Ne5+ 42. Kd5 f5 43. a4 e3 44. Rxg7+ Kxg7 45. Bxe3 Ng4 46. Bd4+ Kg6 47. c4 Rd2 48. c5 f4 49. c6 Nf6+ 50. Ke5 f3 51. c7 Rc2 52. Kd6 Ne8+ 53. Ke7 Nxc7 54. Kd7 Nd5 0-1


[Site "https://www.chess.com"]

[Event "Titled Tuesday Blitz July 18 Late 2023"]
[White "Pinheiro, Iung Alicio de O."]
[Black "Gaal, Zsoka"]
[WhiteFideId "2104350"]
[BlackFideId "777765"]
[WhiteElo "2596"]
[BlackElo "2471"]
[Result "1-0"]
[Round "6"]
[TimeControl "180+2"]
[Date "2023.07.18"]
[WhiteClock "0:00:13"]
[BlackClock "0:00:03"]
[Board "63"]

1. e4 e5 2. Nf3 d6 3. d4 exd4 4. Nxd4 Nf6 5. Nc3 g6 6. Bg5 Bg7 7. Qd2 h6 8. Bh4 Nxe4 9. Qf4 Nf6 10. Qe3+ Kf8 11. O-O-O g5 12. Bg3 Nc6 13. Bc4 Nxd4 14. Qxd4 Be6 15. Bxe6 fxe6 16. Rhe1 Qe7 17. Qc4 Kf7 18. f4 gxf4 19. Bxf4 Rhe8 20. Rf1 Kg8 21. Qd3 e5 22. Be3 e4 23. Qc4+ Kh7 24. Rf5 c6 25. Rdf1 d5 26. Qe2 Rf8 27. g4 Rad8 28. Bd4 Nd7 29. Qe3 Bxd4 30. Qxd4 Qg7 31. Qf2 Rxf5 32. gxf5 Nf6 33. Ne2 Qg5+ 34. Kb1 e3 35. Qf3 Rg8 36. Ng3 d4 37. a3 Qg4 38. Qg2 Nh5 39. f6 Nxf6 40. Rxf6 Qd1+ 41. Ka2 e2 42. Qe4+ Kh8 43. Rf7 Rg7 44. Rf8+ Rg8 45. Qe5+ Kh7 46. Rf7+ Kg6 47. Qf5# 1-0


[Site "https://www.chess.com"]

[Event "Titled Tuesday Blitz July 18 Late 2023"]
[White "Mujumdar, Sameer"]
[Black "Geivondian, Arman"]
[WhiteFideId "2029707"]
[BlackFideId "24102032"]
[WhiteElo "2469"]
[BlackElo "2593"]
[Result "0-1"]
[Round "6"]
[TimeControl "180+2"]
[Date "2023.07.18"]
[WhiteClock "0:00:11"]
[BlackClock "0:01:04"]
[Board "64"]

1. e4 c6 2. d4 d5 3. e5 Bf5 4. Nf3 e6 5. Be2 Nd7 6. Be3 h6 7. O-O g5 8. c3 Ne7 9. Nbd2 Bg7 10. Re1 O-O 11. Nf1 Ng6 12. h3 f6 13. exf6 Nxf6 14. Ng3 Ne4 15. Nxe4 Bxe4 16. Nd2 Bf5 17. Nf1 e5 18. Ng3 Be6 19. dxe5 Bxe5 20. Qd3 Qf6 21. Nh5 Qf7 22. Bg4 Rae8 23. Bd4 Bxg4 24. hxg4 Nf4 25. Nxf4 Bxf4 26. g3 Bb8 27. Kg2 b6 28. b4 Qh7 29. Qxh7+ Kxh7 30. a4 Bd6 31. b5 c5 32. Be3 Re5 33. Bd2 Rfe8 34. Rxe5 Rxe5 35. Re1 Rxe1 36. Bxe1 Kg6 37. Kf3 Be5 38. Bd2 Kf6 39. Ke2 Ke6 40. Kd3 c4+ 41. Ke2 d4 42. cxd4 Bxd4 43. f4 gxf4 44. gxf4 Kf6 45. Kd1 Ke6 46. Kc2 Kd5 47. f5 Bg7 48. Bc3 Bf8 49. Bd2 Ke4 50. Kc3 Kd5 51. Bf4 Bg7+ 52. Kc2 Kc5 53. Bb8 Kb4 54. Bxa7 Bd4 55. Bb8 Kxa4 56. Bf4 Bg7 57. g5 hxg5 58. Bxg5 Kxb5 59. f6 Bf8 60. f7 Kc6 61. Kc3 Kd5 62. Bc1 b5 63. Bb2 b4+ 64. Kc2 Ke6 65. Bc1 Kxf7 66. Be3 Ke6 67. Bb6 Kd5 68. Be3 b3+ 69. Kb2 Bg7+ 70. Kb1 Ke4 71. Bd2 Kd3 72. Be1 c3 73. Bxc3 Kxc3 0-1


[Site "https://www.chess.com"]

[Event "Titled Tuesday Blitz July 18 Late 2023"]
[White "ArchibaldCerveza29"]
[Black "Fonseca Manrique, Enrique"]
[BlackFideId "5114330"]
[WhiteElo "2448"]
[BlackElo "2581"]
[Result "0-1"]
[Round "6"]
[TimeControl "180+2"]
[Date "2023.07.18"]
[WhiteClock "0:00:05"]
[BlackClock "0:00:17"]
[Board "65"]

1. e4 c5 2. c3 d5 3. exd5 Qxd5 4. d4 Nf6 5. Nf3 e6 6. Bd3 cxd4 7. cxd4 Nc6 8. Nc3 Bb4 9. O-O Qh5 10. Be2 Qa5 11. Qc2 O-O 12. a3 Be7 13. Bg5 h6 14. Bh4 Bd7 15. Rfe1 Rac8 16. Rad1 Rfe8 17. Qb3 Qd8 18. Bd3 Na5 19. Qa2 Bc6 20. Ne5 Bd5 21. Qb1 Bb3 22. Rd2 Nc4 23. Rde2 Qxd4 24. Bxf6 Bxf6 25. Bh7+ Kf8 26. Re4 Qd2 27. R4e2 Qg5 28. Nd7+ Ke7 29. Ne4 Qd5 30. Nec5 Rxc5 31. Nxc5 Qxc5 32. Bg6 Nd6 33. Bxf7 Kxf7 34. Qd3 Bc4 35. Qe3 Qxe3 36. Rxe3 Nf5 37. Re4 Bd5 38. Rb4 b6 39. h3 Rc8 40. Rd1 Rc2 41. g4 Nd6 42. Rbd4 Bxd4 43. Rxd4 Rxb2 0-1


[Site "https://www.chess.com"]

[Event "Titled Tuesday Blitz July 18 Late 2023"]
[White "Vlassov, Nikolai"]
[Black "NLLO777"]
[WhiteFideId "4103360"]
[WhiteElo "2577"]
[BlackElo "2447"]
[Result "1-0"]
[Round "6"]
[TimeControl "180+2"]
[Date "2023.07.18"]
[WhiteClock "0:01:39"]
[BlackClock "0:01:04"]
[Board "66"]

1. e4 c5 2. c3 d5 3. exd5 Qxd5 4. d4 Nf6 5. Nf3 Nc6 6. Be3 cxd4 7. cxd4 Bg4 8. Nc3 Qd6 9. d5 Ne5 10. Nxe5 Bxd1 11. Bb5+ Nd7 12. Bxd7+ Qxd7 13. Nxd7 Kxd7 14. Rxd1 g6 15. Bd4 f6 16. O-O Bg7 17. Rfe1 Rac8 18. Bxa7 Rc4 19. Rd4 Rc7 20. Bb6 Rcc8 21. Rde4 Rhe8 22. Na4 f5 23. Re6 Rc4 24. b3 Rc2 25. h4 Rd2 26. Nc5+ Kc8 27. d6 Bf8 28. d7+ Rxd7 29. Nxd7 Kxd7 30. Bc5 1-0


[Site "https://www.chess.com"]

[Event "Titled Tuesday Blitz July 18 Late 2023"]
[White "Disconzi da Silva, Rodrigo"]
[Black "Bartel, Michal"]
[WhiteFideId "2100991"]
[BlackFideId "1119257"]
[WhiteElo "2445"]
[BlackElo "2574"]
[Result "0-1"]
[Round "6"]
[TimeControl "180+2"]
[Date "2023.07.18"]
[WhiteClock "0:00:00"]
[BlackClock "0:00:15"]
[Board "67"]

1. d4 Nf6 2. c4 c5 3. d5 e6 4. Nc3 exd5 5. cxd5 d6 6. e4 g6 7. f3 Bg7 8. Bg5 h6 9. Be3 O-O 10. Qd2 Kh7 11. Nge2 a6 12. a4 Nbd7 13. Ng3 Re8 14. Be2 Rb8 15. O-O Ne5 16. Rab1 Bd7 17. Nh1 b5 18. axb5 axb5 19. b4 c4 20. Nf2 g5 21. Ra1 Ng6 22. Ra7 Nh5 23. Bd4 Nhf4 24. Rfa1 Ne5 25. Bf1 f5 26. exf5 Bxf5 27. Nce4 Re7 28. Kh1 Rc8 29. Rxe7 Qxe7 30. Ra7 Rc7 31. Ra6 Nxd5 32. Nxd6 Bg6 33. Nxb5 Rd7 34. Bxe5 Bxe5 35. Rxg6 Kxg6 36. Bxc4 Nf4 37. Qc2+ Kg7 38. g3 Ng6 39. Ng4 Qxb4 40. Bd3 Ba1 41. Ne3 Qe1+ 42. Nf1 Qe6 43. Kg2 Re7 44. Nd2 Bf6 45. Ne4 Ne5 46. Nc5 Qd5 47. Be4 Qd8 48. Qb3 Nf7 49. Ne6+ Rxe6 50. Qxe6 Qd2+ 51. Kh3 g4+ 52. Qxg4+ Ng5+ 0-1


[Site "https://www.chess.com"]